Map: Ruins of Endion

Players

capac - Winner!

  • Race: Terran Terran
  • League: Gold

bustarythmic

  • Race: Protoss Protoss
  • League: Gold

VOD

Have the link to the VOD?

Description

Time

  • Played on: April 25, 2016, 9:11 p.m.
  • Length: 11:11
Show
View Real Time Build Order
Export as new Build Order

capac Terran - Winner!

Build Orders: MMM Bio 

Get SALT Encoding   

  12  0:01  SCV  
  13  0:13  SCV  
  14  0:19  Supply Depot  
  14  0:25  SCV  
  15  0:41  SCV  
  16  0:43  Barracks  
  16  0:46  Refinery  
  16  0:55  SCV  
  17  1:07  SCV  
  18  1:19  SCV  
  19  1:30  Barracks Reactor  
  19  1:33  Orbital Command  
  19  1:44  Command Center  
  19  1:54  Supply Depot  
  19  2:02  SCV  
  20  2:09  Barracks  
  20  2:16  Marine  
  20  2:17  Marine  
  20  2:20  SCV  
  23  2:24  Refinery  
  23  2:32  Factory  
  23  2:34  SCV  
  24  2:44  Bunker  
  24  2:47  Marine x2  
  24  2:50  SCV  
  27  2:59  Orbital Command  
  27  3:04  Barracks Tech Lab  
  27  3:08  SCV  
  28  3:14  Marine x2  
  30  3:21  Factory Reactor  
  30  3:30  Starport  
  30  3:31  SCV  
  30  3:32  SCV  
  32  3:42  Stimpack  
  32  3:44  Marine x2  
  32  3:45  Marine  
  35  3:49  SCV x2  
  35  3:52  Refinery  
  37  4:12  Marine x2  
  37  4:13  Marine  
  37  4:14  Factory Tech Lab  
  40  4:22  Barracks  
  40  4:27  Supply Depot, Barracks  
  40  4:31  SCV x2  
  40  4:34  Supply Depot  
  40  4:35  Marine x3  
  45  4:49  Medivac x2  
  49  5:03  Supply Depot  
  49  5:05  SCV x2  
  51  5:08  Siege Tank  
  51  5:12  Barracks Reactor  
  54  5:32  Marine x3  
  54  5:34  Barracks Reactor  
  57  5:37  Engineering Bay  
  57  5:47  Medivac  
  57  5:48  Medivac  
  55  6:09  Liberator x2  
  46  6:19  Marine x2  
  46  6:20  Marine x4  
  46  6:21  Marauder  
  46  6:23  Siege Tank  
  57  6:32  Supply Depot  
  63  6:37  Missile Turret  
  63  6:38  SCV  
  64  6:51  Marine x4  
  64  6:52  Marine  
  69  6:56  SCV x2  
  71  7:06  Missile Turret  
  71  7:22  Marine  
  71  7:23  Marine x5  
  77  7:31  Supply Depot, Siege Tank  
  77  7:32  Marauder  
  77  7:36  Supply Depot, Combat Shields  
  82  7:38  Command Center  
  77  7:56  Marine  
  77  7:57  Marine x5  
  80  7:59  Marauder  
  80  8:02  SCV x2  
  84  8:14  SCV x2  
  86  8:20  Marauder  
  86  8:24  Marine x4  
  86  8:25  Marine  
  86  8:26  SCV x2  
  95  8:38  SCV  
  95  8:39  SCV  
  95  8:40  Liberator x2  
  97  8:41  Marauder  
  99  8:49  Marine  
  99  8:50  Marine x5  
  111  9:05  Marine  
  111  9:07  Marine x2  
  114  9:19  Siege Tank  
  117  10:25  Command Center  
  117  10:31  Marauder, Marine x2, Siege Tank, SCV  
  125  10:41  SCV  
  125  10:42  Marine x2  
  125  10:44  Marine  
  125  10:47  Marine  
  125  10:48  Marine x2  
  123  10:52  Marine  
Show
View Real Time Build Order
Export as new Build Order

bustarythmic Protoss 

Build Orders: Nexus First 

Get SALT Encoding   

  12  0:01  Probe (Chrono Boost)  
  13  0:12  Probe (Chrono Boost)  
  14  0:20  Pylon  
  14  0:23  Probe (Chrono Boost)  
  15  0:38  Probe (Chrono Boost)  
  16  0:57  Nexus  
  16  1:07  Gateway  
  16  1:11  Assimilator  
  16  1:18  Assimilator  
  16  1:19  Probe (Chrono Boost)  
  17  1:39  Probe (Chrono Boost)  
  18  1:50  Probe (Chrono Boost)  
  19  1:54  Cybernetics Core  
  19  1:55  Zealot (Chrono Boost)  
  19  2:01  Probe (Chrono Boost)  
  22  2:04  Pylon  
  22  2:08  Probe  
  23  2:19  Probe  
  23  2:22  Zealot (Chrono Boost)  
  26  2:29  Pylon  
  26  2:31  Probe (Chrono Boost)  
  27  2:43  Mothership Core (Chrono Boost), Pylon  
  29  2:47  Probe (Chrono Boost)  
  30  2:54  Warp Gate  
  30  3:04  Forge  
  30  3:10  Stalker  
  33  3:12  Probe (Chrono Boost)  
  33  3:16  Probe (Chrono Boost)  
  34  3:24  Probe (Chrono Boost)  
  34  3:26  Probe (Chrono Boost)  
  36  3:35  Probe (Chrono Boost)  
  36  3:36  Protoss Ground Weapons Level 1  
  36  3:40  Adept  
  39  3:47  Photon Cannon  
  39  3:54  Probe (Chrono Boost), Pylon  
  40  4:02  Twilight Council  
  40  4:05  Probe (Chrono Boost)  
  41  4:13  Adept  
  41  4:15  Probe (Chrono Boost)  
  44  4:20  Robotics Facility  
  44  4:24  Pylon  
  44  4:26  Probe (Chrono Boost)  
  45  4:32  Probe (Chrono Boost)  
  45  4:36  Probe (Chrono Boost)  
  45  4:38  Resonating Glaives  
  47  4:54  Gateway  
  47  4:55  Gateway  
  47  4:57  Gateway  
  47  5:01  Gateway  
  47  5:07  Gateway  
  47  5:09  Gateway  
  47  5:13  Observer (Chrono Boost)  
  48  5:25  Probe  
  49  5:33  Warp Prism (Chrono Boost)  
  49  5:35  Probe  
  51  5:38  Pylon  
  51  5:41  Pylon  
  49  6:31  Adept x2  
  49  6:32  Adept x5  
  63  6:35  Protoss Ground Weapons Level 2 (Chrono Boost)  
  63  6:42  Immortal  
  67  6:54  Adept x2  
  67  6:55  Adept x5  
  81  7:18  Adept x2  
  85  7:27  Pylon  
  85  7:28  Pylon  
  85  7:29  Pylon  
  85  7:31  Pylon  
  85  7:32  Pylon  
  85  7:34  Pylon  
  48  7:59  Adept x2  
  48  8:00  Adept x5  
  54  8:16  Nexus  
  54  8:19  Templar Archives  
  54  8:20  Adept x2  
  58  8:29  Assimilator  
  58  8:33  Assimilator  
  58  8:46  Stalker  
  60  8:52  Probe  
  59  9:03  Probe, Stalker  
  59  9:09  Warp Prism  
  64  9:14  Pylon  
  64  9:15  Pylon  
  64  9:16  Zealot x2  
  68  9:17  Zealot x3  
  68  9:18  Probe, Zealot  
  77  9:28  Probe  
  78  9:37  Photon Cannon  
  78  9:38  Mothership Core  
  76  9:40  Stalker x2, Pylon  
  82  9:47  Assimilator  
  82  9:49  Assimilator  
  82  9:57  Probe  
  69  10:08  Stalker x2  
  69  10:09  Stalker x3  
  79  10:28  Pylon x2  
  79  10:29  Stalker  
  79  10:30  Stalker  
  51  10:51  Stalker x2  
  51  10:52  Stalker x2  
Tags
 
Composition
MMM Bio
League
GoldGold
Matchup
PvT
Add a new tag
Caveats
  • Supply blocks, unpowered buildings, or Contaminate may cause inaccurate times.
  • Supply counts are checked every 10 seconds.